 Dungeon Crawl Stone Soup version 0.19-a0-1268-g6c5d9f8 (webtiles) character file.

9832 sveltemanboy the Grappler (level 11, -6/63 HPs)
             Began as a Demonspawn Artificer on Aug 29, 2016.
             Was the Champion of Hepliaklqana.
             Mangled by a red ugly thing (27 damage)
             ... on level 11 of the Dungeon.
             The game lasted 00:38:28 (10976 turns).

sveltemanboy the Grappler (Demonspawn Artificer)   Turns: 10976, Time: 00:38:28

Health: -6/63      AC: 14    Str: 14 (15) XL:     11   Next: 28%
Magic:  17/17      EV: 14    Int: 12 (13) God:    Hepliaklqana [******]
Gold:   764        SH:  0    Dex: 14      Spells: 0 memorised, 10 levels left

rFire  x . .     SeeInvis .       - Unarmed
rCold  + + .     Gourm    .     e - +1 ring mail {rC+}
rNeg   . . .     Faith    +     (no shield)
rPois  .         Spirit   .     P - +1 hat {MR+}
rElec  +         Dismiss  .     R - +2 cloak of Deireito {rElec}
rCorr  .         Reflect  .     (no gloves)
MR     +....     Harm     .     (no boots)
Stlth  +.........               z - amulet of faith
                                b - ring of ice
                                t - +3 ring of evasion

@: no status effects
A: claws 1, thin metallic scales 2
a: Recall Ancestor, Ancestor Identity, Transference, Idealise, Renounce Religion


You were on level 11 of the Dungeon.
You worshipped Hepliaklqana.
Hepliaklqana was exalted by your worship.
You were hungry.

You visited 1 branch of the dungeon, and saw 11 of its levels.
You also visited: Sewer.

You collected 764 gold pieces.

Inventory:

Missiles
 h - 319 stones
 m - 15 javelins (quivered)
Armour
 e - a +1 ring mail of cold resistance (worn)
 L - the cursed +0 plate armour of Integrity {*Contam MR+ Str+5, unknown}
   (You found it on level 9 of the Dungeon)

   It affects your strength (+5).
   It affects your resistance to hostile enchantments.
   It causes magical contamination when unequipped.
   It has a curse placed upon it.
 P - a +1 hat of magic resistance (worn)
 R - the +2 cloak of Deireito (worn) {rElec}
   (You found it on level 8 of the Dungeon)

   It insulates you from electricity.
Jewellery
 b - a ring of ice (right claw)
 t - a +3 ring of evasion (left claw)
 z - an amulet of faith (around neck)
Wands
 d - a wand of enslavement (4/24)
 u - a wand of digging (13/24)
 y - a wand of iceblast (10/15)
 G - a wand of polymorph (18/24)
 H - a wand of slowing (21/48)
 M - a wand of confusion (7/48)
Scrolls
 g - a scroll of amnesia
 j - a scroll of remove curse
 n - 5 scrolls of identify
 C - a scroll of fear
 F - 3 scrolls of magic mapping
 J - 2 scrolls of blinking
 K - 2 scrolls of teleportation
 N - 2 scrolls of recharging
Potions
 a - a potion of agility
 k - a potion of heal wounds
 l - a potion of invisibility
 p - a potion of flight
 r - 4 potions of curing
 w - a potion of cure mutation
 x - a potion of cancellation
 A - 3 potions of brilliance
 B - 2 potions of might
 I - a potion of haste
Comestibles
 c - a royal jelly
 f - 9 bread rations
 i - 7 fruits
 o - 3 meat rations
 q - a beef jerky
 s - 4 slices of pizza


   Skills:
 - Level 1.0 Fighting
   Level 0.8 Short Blades
 + Level 5.2 Armour
 - Level 2.0 Dodging
 - Level 0.8 Stealth
 * Level 11.4 Unarmed Combat
 - Level 9.0 Invocations
 + Level 9.1 Evocations


You had 10 spell levels left.
You didn't know any spells.

Dungeon Overview and Level Annotations

Branches:
Dungeon (11/15)            Temple (0/1) D:5            Lair (0/6) D:8
    Orc: D:9-12

Altars:
Ashenzari
Cheibriados
Fedhas
Hepliaklqana
Nemelex Xobeh
Okawaru
Ru
Zin

Shops:
D:10 (

Annotations:
D:4 1 runed door


Innate Abilities, Weirdness & Mutations

You have sharp fingernails.
You are mostly covered in thin metallic scales. (AC +3)


Message History

You open the door.
There is an open door here.
The red ugly thing is no longer charmed.
Sander casts a spell at the red ugly thing.
The red ugly thing appears confused.
The red ugly thing is too close now for your liking.
You scratch the red ugly thing but do no damage.
The red ugly thing is lightly wounded.
The red ugly thing headbutts Sander.
Sander is engulfed in flames!
Sander resists.
You claw the red ugly thing!
The red ugly thing is moderately wounded.
Sander gestures at the red ugly thing while chanting.
The red ugly thing easily resists.
The red ugly thing headbutts itself!
You claw the red ugly thing!
The red ugly thing is severely wounded.
Sander casts a spell at the red ugly thing.
The red ugly thing appears confused.
The red ugly thing headbutts you.
You are engulfed in flames!!
The fire burns you terribly!
You die...

######.### ##...# #.#
#..### #.##
######.#### ##### .##
#.........# #.^..
...###.#.###.# #....
.... #...#.#####
#.... #.#####.#.....#
#....
#...@u#.#.###.###....
#####R#.#[# #...'....
#.......#.# #####....
#######.### ####'
#.### #. #..R## #.
###..# #. ##'## #.
#...# #.


You could see the friendly Sander the hexer and a red ugly thing (confused).

Vanquished Creatures
  Gastronok (D:8)
  A hill giant (D:10)
  A centaur zombie (D:10)
  A two-headed ogre (D:8)
  3 yaks (D:10)
  Sigmund (D:5)
  2 orc warriors
  A hippogriff (D:8)
  A hungry ghost (D:10)
  A mottled dragon (D:7)
  A black bear (D:8)
  3 porcupines (D:9)
  Duvessa (D:6)
  A sky beast (D:9)
  2 ice beasts
  2 ogres
  2 scorpions (D:6)
  4 centaurs
  2 giant frogs
  10 killer bees
  5 crimson imps
  3 giant frog zombies
  3 hounds
  Crazy Yiuf (D:5)
  3 centaur skeletons
  3 orc priests
  5 orc wizards
  Terence (D:2)
  Jessica (D:2)
  2 iguanas
  Natasha (twice) (D:2)
  3 worker ants
  A hound skeleton (D:8)
  A hound zombie (D:8)
  A howler monkey skeleton (D:8)
  2 gnolls (D:8)
  7 adders
  A shadow imp (D:5)
  An ooze (D:7)
  A worm (D:4)
  A dart slug (D:1)
  3 giant geckos
  23 orcs
  4 bats
  8 giant cockroaches
  5 goblins
  5 hobgoblins
  12 jackals
  4 quokkas
  4 ball pythons
  10 giant newts
  13 kobolds
  10 rats
  4 plants (Sewer)
194 creatures vanquished.

Vanquished Creatures (collateral kills)
  Pikel (D:6)
  A centaur skeleton (D:10)
  A komodo dragon (D:8)
  A two-headed ogre (D:9)
  3 yaks (D:10)
  A spriggan (D:9)
  A hungry ghost (D:10)
  A porcupine (D:9)
  A water moccasin (D:10)
  An ice beast (D:10)
  A sky beast (D:10)
  2 ogres (D:4)
  2 centaurs
  A giant frog (D:8)
  Dowan (D:6)
  4 killer bees
  5 hounds
  An orc priest (D:8)
  An orc wizard (D:8)
  A worker ant (D:10)
  11 orcs
  3 adders
  A gnoll (D:8)
  A shadow imp (D:9)
  An adder skeleton (D:7)
  2 giant geckos
  A giant cockroach (D:5)
  A goblin (D:3)
  A hobgoblin (D:2)
  A jackal (Sewer)
  2 kobolds
  A ball python (Sewer)
  A plant (Sewer)
58 creatures vanquished.

Vanquished Creatures (others)
  A yak (D:10)
  2 killer bees
  2 orc priests
  An orc wizard (D:4)
  5 hexers
  An ancestor (D:3)
  2 orcs
  3 plants
17 creatures vanquished.

Grand Total: 269 creatures vanquished

Notes
Turn   | Place    | Note
-------+----------+-------------------------------------------
     0 | D:1      | sveltemanboy the Demonspawn Artificer began the quest for the Orb.
     0 | D:1      | Reached XP level 1. HP: 15/15 MP: 3/3
   252 | D:1      | Reached skill level 1 in Unarmed Combat
   256 | D:1      | Gained mutation: You are partially covered in thin metallic scales. (AC +2) [demonic ancestry]
   256 | D:1      | Reached XP level 2. HP: 21/21 MP: 4/4
   718 | D:1      | Reached skill level 2 in Unarmed Combat
   808 | D:2      | Noticed Natasha
   811 | D:2      | Noticed Natasha
   811 | D:2      | Natasha changed into Natasha the killer bee
   992 | D:2      | Killed Natasha the killer bee
   992 | D:2      | Reached skill level 1 in Armour
   992 | D:2      | Reached XP level 3. HP: 26/26 MP: 5/5
   992 | D:2      | Reached XP level 4. HP: 32/32 MP: 6/6
  1029 | D:2      | Noticed Jessica
  1034 | D:2      | Killed Jessica
  1034 | D:2      | Reached skill level 3 in Unarmed Combat
  1146 | D:2      | Noticed Natasha
  1148 | D:2      | Killed Natasha
  1217 | D:2      | Found a snail-covered altar of Cheibriados.
  1260 | D:2      | Gained mutation: You have sharp fingernails. [demonic ancestry]
  1260 | D:2      | Reached XP level 5. HP: 33/37 MP: 7/7
  1339 | D:2      | Noticed Natasha
  1343 | D:2      | Killed Natasha
  1563 | D:2      | Found a sparkling altar of Nemelex Xobeh.
  1722 | D:2      | Noticed Terence
  1761 | D:2      | Killed Terence
  1761 | D:2      | Reached skill level 4 in Unarmed Combat
  1766 | D:2      | Found a hazy altar of Hepliaklqana.
  1771 | D:2      | Became a worshipper of Hepliaklqana
  2094 | D:3      | Reached XP level 6. HP: 25/38 MP: 8/8
  2368 | D:3      | Reached * piety under Hepliaklqana
  2606 | D:3      | Found a blossoming altar of Fedhas.
  2864 | D:4      | Reached skill level 1 in Invocations
  2954 | D:4      | Found a glowing silver altar of Zin.
  2954 | D:4      | Noticed an angel
  2955 | D:4      | Found a runed door.
  2972 | D:4      | Reached ** piety under Hepliaklqana
  2973 | D:4      | Remembered your ancestor Sander as a hexer
  3154 | D:4      | Reached skill level 5 in Unarmed Combat
  3154 | D:4      | Reached XP level 7. HP: 43/43 MP: 9/9
  3198 | D:5      | Entered Level 5 of the Dungeon
  3198 | D:5      | Found a staircase to the Ecumenical Temple.
  3203 | D:5      | Noticed Sigmund
  3213 | D:5      | Killed Sigmund
  3360 | D:5      | Found a runed door.
  3470 | D:5      | Found a glowing drain.
  3498 | Sewer    | Entered a sewer
  4672 | D:5      | Reached *** piety under Hepliaklqana
  4905 | D:5      | Found a sacrificial altar of Ru.
  5050 | D:5      | Noticed Crazy Yiuf
  5061 | D:5      | Killed Crazy Yiuf
  5165 | D:6      | Reached skill level 6 in Unarmed Combat
  5165 | D:6      | Reached XP level 8. HP: 34/48 MP: 11/11
  5421 | D:6      | Noticed Duvessa
  5421 | D:6      | Noticed Dowan
  5431 | D:6      | Killed Dowan
  5463 | D:6      | Killed Duvessa
  5463 | D:6      | Reached skill level 5 in Evocations
  5597 | D:6      | Reached **** piety under Hepliaklqana
  5911 | D:6      | Noticed Pikel
  5931 | D:6      | Killed Pikel
  5931 | D:6      | Reached skill level 7 in Unarmed Combat
  5931 | D:6      | Reached skill level 5 in Invocations
  6520 | D:7      | Reached XP level 9. HP: 50/53 MP: 13/13
  6585 | D:7      | Reached skill level 8 in Unarmed Combat
  6887 | D:7      | Found a shattered altar of Ashenzari.
  6897 | D:7      | Reached ***** piety under Hepliaklqana
  7479 | D:8      | Noticed Gastronok
  7501 | D:8      | Killed Gastronok
  7501 | D:8      | Reached skill level 9 in Unarmed Combat
  7501 | D:8      | Reached XP level 10. HP: 39/58 MP: 14/16
  7651 | D:8      | Got a fine cloak
  7662 | D:8      | Identified the +2 cloak of Deireito {rElec} (You found it on level 8 of the Dungeon)
  7769 | D:8      | Reached skill level 10 in Unarmed Combat
  8204 | D:8      | Found a staircase to the Lair.
  8748 | D:9      | Got a transparent plate armour
  8851 | D:9      | Found a sparkling altar of Nemelex Xobeh.
  9027 | D:9      | Found an iron altar of Okawaru.
  9058 | D:9      | Gained mutation: You have a pair of small horns on your head. [mutagenic meat]
  9061 | D:9      | Gained mutation: Your body sometimes deteriorates upon taking damage. [mutagenic meat]
  9064 | D:9      | Gained mutation: You are frail. (-10% HP) [mutagenic meat]
  9067 | D:9      | Gained mutation: You can translocate small distances at will. [mutagenic meat]
  9101 | D:9      | Lost mutation: You are frail. (-10% HP) [potion of cure mutation]
  9101 | D:9      | Lost mutation: You have a pair of small horns on your head. [potion of cure mutation]
  9101 | D:9      | Lost mutation: Your body sometimes deteriorates upon taking damage. [potion of cure mutation]
  9101 | D:9      | Lost mutation: You can translocate small distances at will. [potion of cure mutation]
  9430 | D:10     | Entered Level 10 of the Dungeon
  9730 | D:10     | Reached skill level 11 in Unarmed Combat
  9860 | D:10     | Gained mutation: You are mostly covered in thin metallic scales. (AC +3) [demonic ancestry]
  9860 | D:10     | Reached XP level 11. HP: 59/63 MP: 17/17
 10211 | D:10     | Noticed a hill giant
 10218 | D:10     | Killed a hill giant
 10251 | D:10     | Reached skill level 5 in Armour
 10492 | D:10     | Found Pumua's Weapon Shoppe.
 10916 | D:11     | Reached ****** piety under Hepliaklqana
 10955 | D:11     | Noticed a red ugly thing
 10976 | D:11     | Mangled by a red ugly thing

Vault maps used:
D:1:      nicolae_arrival_memento_mori
D:2:      marbit_many_paths, lemuel_doored_altar, old_standard_altar,
          uniq_jessica, uniq_natasha, uniq_terence
D:3:      first_bread, fedhas_altar_2
D:4:      lemuel_angel_altar
D:5:      gup_sewer_entry_glass, basic_altar, minivault_4,
          uniq_crazy_yiuf_cottage, uniq_sigmund
D:6:      kennysheep_small_square, uniq_duvessa, uniq_pikel
D:7:      old_standard_altar
D:8:      david_lair_shrubbed, uniq_gastronok
D:9:      wad_woods_stonehenge, kennysheep_okawaru_gauntlet, the_bakery
D:10:     serial_shops, nicolae_shop_crystal, kennysheep_generic_room_2
D:11:     orc_0_dummy
Sewer:    sewer_co_scattered_pipes

Skill      XL: |  1  2  3  4  5  6  7  8  9 10 11 |
---------------+----------------------------------+-----
Dodging        | 2 |  2.0
Unarmed Combat | 1 2 3 4 5 6 7 9 11 | 11.4
Armour         | 1 2 3 4 5 |  5.2
Invocations    | 2 4 6 8 9 |  9.0
Evocations     | 4 5 7 8 9 |  9.1
Fighting       | |  1.0
Short Blades   | |  0.8
Stealth        | |  0.8

Action                   |  1- 3 |  4- 6 |  7- 9 | 10-12 || total
-------------------------+-------+-------+-------+-------++-------
Melee: Unarmed           |   106 |   113 |   459 |   323 ||  1001
       Punch             |       |     1 |    15 |    12 ||    28
       Headbutt          |       |       |       |     2 ||     2
Throw: Stone             |    12 |       |       |       ||    12
       Javelin           |       |    20 |    11 |    20 ||    51
Invok: Ancestor Identity |       |     1 |       |       ||     1
       Ancestor Life: He |       |     1 |       |       ||     1
Evoke: Wand              |    10 |    16 |    21 |    15 ||    62
  Use: Scroll            |       |     3 |     3 |     7 ||    13
       Potion            |       |       |     1 |     9 ||    10
 Stab: Distracted        |       |     2 |     2 |     4 ||     8
       Confused          |       |       |     9 |     2 ||    11
  Eat: Chunk             |       |     7 |    15 |    18 ||    40
Armor: Leather armour    |    28 |     4 |       |       ||    32
       Ring mail         |       |    24 |    62 |   115 ||   201
Dodge: Dodged            |    65 |    67 |   156 |   171 ||   459
